Map: 环轨星港

Players

shengy - Winner!

  • Race: Zerg Zerg
  • League: Platinum

Innova

  • Race: Zerg Zerg
  • League: Diamond

VOD

Have the link to the VOD?

Description

Time

  • Played on: Jan. 1, 2016, 3:48 p.m.
  • Length: 12:34
Show
View Real Time Build Order
Export as new Build Order

shengy Zerg - Winner!

Build Orders: Pool First 

Get SALT Encoding   

  12  0:01  Drone  
  13  0:09  Drone  
  14  0:17  Overlord  
  14  0:35  Drone x3  
  17  0:48  Spawning Pool  
  16  0:50  Extractor, Drone  
  16  0:57  Drone  
  17  1:09  Drone  
  18  1:21  Hatchery  
  17  1:27  Drone  
  17  1:29  Drone  
  19  1:38  Queen  
  21  1:42  Zergling x2  
  22  1:51  Overlord  
  22  1:59  Spine Crawler  
  21  2:02  Zergling x2  
  21  2:06  Metabolic Boost  
  22  2:24  Zergling x4  
  22  2:27  Baneling Nest  
  23  2:34  Zergling x4  
  25  2:37  Queen  
  15  3:05  Zergling x8  
  13  3:06  Zergling x4  
  18  3:23  Drone  
  19  3:35  Baneling x2  
  19  3:51  Drone  
  19  3:55  Drone  
  21  4:09  Baneling x2  
  21  4:11  Drone  
  21  4:21  Drone  
  21  4:31  Baneling x3  
  21  4:32  Zergling x2  
  20  4:49  Drone x3  
  20  4:52  Drone  
  24  5:05  Drone x3  
  27  5:28  Extractor  
  25  5:32  Overlord  
  25  5:34  Drone x3  
  25  5:35  Drone x2  
  30  5:49  Roach Warren  
  29  5:52  Drone x2  
  31  6:05  Queen  
  31  6:10  Drone x2  
  35  6:12  Drone  
  35  6:16  Overlord  
  36  6:30  Overlord  
  36  6:37  Roach  
  36  6:38  Roach x3  
  36  6:39  Roach  
  46  6:54  Overlord  
  46  6:55  Roach x3  
  51  7:09  Zergling x4  
  51  7:11  Roach x3  
  58  7:31  Roach x5  
  58  7:33  Overlord  
  68  7:37  Baneling x2  
  68  7:42  Lair  
  68  7:55  Zergling x4  
  68  7:56  Zergling x6  
  70  8:22  Spore Crawler  
  70  8:24  Spore Crawler  
  70  8:27  Roach x4  
  76  8:35  Overlord x2  
  59  8:56  Roach x8  
  71  9:11  Spore Crawler  
  71  9:15  Spore Crawler  
  55  9:32  Spore Crawler  
  55  9:35  Drone x4  
  55  9:36  Drone x5  
  57  9:56  Ravager x4  
  57  9:57  Ravager x3  
  63  10:06  Zergling x10  
  69  10:07  Zergling x2  
  67  10:14  Drone x2  
  67  10:15  Drone  
  67  10:19  Drone x2, Extractor  
  67  10:20  Drone, Extractor  
  71  10:23  Queen  
  63  10:45  Hydralisk Den  
  61  11:10  Overlord  
  61  11:11  Overlord  
  61  11:12  Hydralisk Den, Drone x7  
  61  11:17  Overlord  
  61  11:33  Hydralisk x7  
  61  11:54  Hatchery  
  61  11:55  Hydralisk x5  
Show
View Real Time Build Order
Export as new Build Order

Innova Zerg 

Build Orders: Pool First, Zergling Baneling 

Get SALT Encoding   

  12  0:01  Drone  
  13  0:10  Extractor  
  12  0:24  Spawning Pool  
  11  0:29  Drone  
  12  0:36  Drone  
  12  0:39  Drone  
  14  0:50  Overlord  
  14  1:12  Metabolic Boost  
  14  1:14  Zergling x4  
  14  1:15  Zergling x2  
  18  1:25  Zergling x2  
  18  1:32  Baneling Nest  
  17  1:41  Zergling x2  
  18  1:50  Queen  
  20  1:54  Zergling x2  
  21  2:05  Zergling x2  
  20  2:27  Baneling x4  
  20  2:29  Zergling x2  
  21  2:32  Overlord  
  18  3:04  Zergling x12  
  22  3:18  Zergling x2  
  23  3:30  Drone  
  23  3:41  Baneling x2  
  23  3:43  Drone x3  
  23  3:47  Extractor  
  25  3:49  Drone  
  26  4:03  Zergling x2  
  26  4:19  Baneling x3  
  26  4:20  Baneling  
  23  4:50  Zergling x12  
  25  5:04  Drone  
  26  5:09  Hatchery  
  25  5:14  Drone  
  25  5:17  Baneling x2  
  26  5:25  Lair  
  26  5:34  Baneling  
  26  5:35  Baneling  
  26  5:37  Drone x4  
  30  6:05  Overlord x4  
  30  6:22  Drone x4  
  30  6:25  Queen  
  36  6:33  Spire  
  35  6:43  Drone x3  
  35  6:45  Drone  
  39  6:47  Drone  
  40  6:58  Extractor  
  40  6:59  Drone  
  40  7:00  Extractor, Drone x2  
  40  7:14  Drone x4  
  44  7:19  Overlord  
  40  7:31  Spine Crawler  
  40  7:32  Spine Crawler  
  40  7:33  Spine Crawler  
  37  7:42  Zergling x12  
  43  7:49  Mutalisk  
  43  7:50  Mutalisk  
  47  7:53  Mutalisk  
  42  8:11  Mutalisk x2  
  42  8:12  Mutalisk x2  
  47  8:20  Mutalisk  
  47  8:33  Mutalisk x2  
  50  8:52  Zergling x6  
  42  9:16  Drone x6  
  46  9:37  Drone x3  
  49  9:39  Queen  
  47  10:20  Drone x2  
  47  10:21  Queen, Drone x4  
  54  10:28  Spire  
  53  10:43  Drone x4  
Tags
 
Add a new tag
Caveats
  • Supply blocks, unpowered buildings, or Contaminate may cause inaccurate times.
  • Supply counts are checked every 10 seconds.